 Dungeon Crawl Stone Soup version 0.28.0-43-g3370ac3207 (console) character file.

Game seed: 1223446000211355306

20244 Zeor the Thaumaturge (level 12, -20/62 HPs)
             Began as a Vine Stalker Venom Mage on Mar 29, 2022.
             Was a Believer of Wu Jian.
             Demolished by a large abomination (30 damage)
             ... on level 4 of the Abyss.
             The game lasted 01:08:48 (13576 turns).

Zeor the Thaumaturge (Vine Stalker Venom Mage)     Turns: 13576, Time: 01:08:48

Health: -20/62     AC:  7    Str: 11    XL:     12   Next: 77%
Magic:  0/22       EV: 15    Int: 25    God:    Wu Jian [**....]
Gold:   589        SH:  5    Dex: 19    Spells: 14/33 levels left

rFire   + . .      SeeInvis .   O - +8 demon trident {distort, reach+}
rCold   . . .      Faith    .   (no shield)
rNeg    . . .      Spirit   +   l - +0 robe
rPois   .          Reflect  +   s - +1 helmet
rElec   .          Harm     .   m - +1 cloak
rCorr   .          Rampage  .   (no gloves)
Will    +....                   B - +0 pair of boots
Stlth   +++++.....              r - amulet of reflection
HPRegen 1.00/turn               f - ring of Ahorchime {rF+ Int+6 Dex+3}
MPRegen 0.18/turn               i - +4 ring of slaying

@: mighty, about to teleport, hasted, very quick
A: fangs 3, regeneration 1, magic shield, antimagic bite, no potion heal 2, [low
MP 2]
a: Renounce Religion, Wall Jump


You were on level 4 of the Abyss.
You worshipped Wu Jian.
Wu Jian was pleased with you.
You visited 3 branches of the dungeon, and saw 15 of its levels.
You visited the Abyss 1 time.
You also visited: Sewer, Ossuary and Gauntlet.

You collected 589 gold pieces.

Inventory:

Hand Weapons
 a - a +3 dagger of draining
 c - the +8 dagger of Indomitability {distort, *Corrode Str+3 Int+5}
   (You took it off an orc on level 4 of the Dungeon)

   It warps and distorts space around it, and may blink, banish, or inflict
   extra damage upon those it strikes.
   Unwielding it can cause banishment or high damage.
   Str:       It affects your strength (+3).
   Int:       It affects your intelligence (+5).
   *Corrode:  It may corrode you when you take damage.
 e - a +0 dagger
 O - the +8 demon trident "Rift" (weapon) {distort, reach+}
   (You found it on level 3 of the Lair of Beasts)

   It warps and distorts space around it, and may blink, banish, or inflict
   extra damage upon those it strikes.
   Unwielding it can cause banishment or high damage.
   It can reach especially far, and its reaching attacks ignore other creatures
   in the way.
Missiles
 q - 3 throwing nets
 y - 2 curare-tipped darts
 D - 4 datura-tipped darts
 J - 14 boomerangs of dispersal
Armour
 j - a +0 kite shield
 l - a +0 robe (worn)
 m - a +1 cloak (worn)
 s - a +1 helmet (worn)
 B - a +0 pair of boots (worn)
Jewellery
 f - the ring of Ahorchime (left hand) {rF+ Int+6 Dex+3}
   (You found it on level 2 of the Dungeon)

   [ring of intelligence]

   Int:       It affects your intelligence (+6).
   Dex:       It affects your dexterity (+3).
   rF:        It protects you from fire.
 i - a +4 ring of slaying (right hand)
 k - a ring of ice
 n - a ring of willpower
 o - a ring of poison resistance
 p - a ring of ice
 r - an amulet of reflection (around neck)
 x - an amulet of the acrobat
 M - the ring of Beaber Seyc {rF+ rN+}
   (You found it on level 10 of the Dungeon)

   [ring of positive energy]

   rF:        It protects you from fire.
   rN:        It protects you from negative energy.
 N - a +6 ring of dexterity
Wands
 b - a wand of mindburst (33)
 d - a wand of digging (5)
 g - a wand of flame (45)
 h - a wand of iceblast (13)
 H - a wand of polymorph (5)
Scrolls
 w - 3 scrolls of teleportation
 z - 4 scrolls of fog
 A - 2 scrolls of summoning
 C - a scroll of magic mapping
 E - a scroll of enchant weapon
 I - a scroll of enchant armour
 L - a scroll of amnesia
 Q - a scroll of identify
Potions
 u - 3 potions of might
 F - a potion of curing
 G - a potion of ambrosia
 K - 2 potions of resistance
 P - a potion of brilliance


   Skills:
 * Level 6.9 Fighting
 + Level 5.0 Short Blades
 * Level 5.0 Dodging
 + Level 9.7 Stealth
 + Level 3.1 Shields
 + Level 2.5 Unarmed Combat
 * Level 11.1 Spellcasting
 + Level 3.3 Conjurations
 + Level 4.2 Hexes
 + Level 2.9 Necromancy
 + Level 4.1 Transmutations
 + Level 2.4 Air Magic
 + Level 8.4 Poison Magic
 + Level 1.6 Evocations


You had 14 spell levels left.
You knew the following spells:

 Your Spells              Type           Power      Damage    Failure   Level
a - Sting                 Tmut/Pois      100%       1d8       1%          1
b - Poisonous Vapours     Pois/Air       82%        N/A       1%          2
c - Mephitic Cloud        Conj/Pois/Air  37%        N/A       1%          3
d - Olgreb's Toxic Radia  Pois           54%        N/A       1%          4
e - Slow                  Hex            100%       N/A       1%          1
f - Confusing Touch       Hex            35%        N/A       2%          3
g - Irradiate             Conj/Tmut      16%        3d18      26%         5

Your spell library contained the following spells:

 Spells                   Type           Power      Damage    Failure   Level
 Animate Skeleton         Necr           56%        N/A       1%          1
 Pain                     Necr           100%       1d9       1%          1
 Sublimation of Blood     Necr           28%        N/A       1%          2
 Summon Small Mammal      Summ           52%        N/A       4%          1
 Vampiric Draining        Necr           28%        2d8       4%          3
 Summon Guardian Golem    Hex/Summ       24%        N/A       5%          3
 Call Canine Familiar     Summ           13%        N/A       13%         3
 Petrify                  Tmut/Erth      24%        N/A       19%         4
 Iskenderun's Battlesphe  Conj           30%        2d8       30%         5
 Summon Ice Beast         Ice/Summ       13%        N/A       41%         4
 Summon Mana Viper        Hex/Summ       24%        N/A       45%         5
 Fireball                 Conj/Fire      11%        3d7       52%         5
 Conjure Ball Lightning   Conj/Air       14%        3x3d6     90%         6
 Monstrous Menagerie      Summ           6%         N/A       100%        7
 Orb of Destruction       Conj           15%        9d7       100%        7


Dungeon Overview and Level Annotations

Branches:
Dungeon (11/15)            Temple (1/1) D:4            Lair (3/6) D:10
  Snake (0/4) Lair:3        Sewer (visited)         Ossuary (visited)
Gauntlet (visited)
  Swamp: Lair:2-4    Shoals: Lair:2-4       Orc: D:9-12

Altars:
Ashenzari
Cheibriados
Dithmenos
Elyvilon
Fedhas
Gozag
Hepliaklqana
Kikubaaqudgha
Makhleb
Nemelex Xobeh
Okawaru
Qazlal
Ru
Sif Muna
Trog
Uskayaw
Vehumet
Wu Jian
Xom
Yredelemnul
Zin
The Shining One

Annotations:
Lair:3 2 runed translucent doors, RascalDebosk's ghost, journeyman MiBe
Abyss:1 Dowan Gauntlet 12 transporters, exclusion: orange crystal statue


Innate Abilities, Weirdness & Mutations

You have razor-sharp teeth.
Your natural rate of healing is unusually fast.
When hurt, damage is shared between your health and your magic reserves.
Your bite disrupts and absorbs the magic of your enemies.
Potions cannot restore your health.
[Your magical capacity is very low. (-20% MP)]


Message History

A starcursed mass comes into view.
As you read the scroll of blinking, it crumbles to dust.
Okay, then.
You feel yourself speed up.
The starcursed mass shrieks in your mind.
* * * LOW HITPOINT WARNING * * *
You enter the shallow water.
Moving in this stuff is going to be slow.
The starcursed mass shrieks in your mind.
* * * LOW HITPOINT WARNING * * *
The worldbinder calls forth creatures from the Shoals!
As you read the scroll of teleportation, it crumbles to dust.
You feel strangely unstable.
You feel the power of the Abyss delaying your translocation!
The worldbinder calls forth creatures from the Shoals!
You puncture the large abomination!
You punch the large abomination, but do no damage.
The large abomination is severely damaged.
A starcursed mass splits.
The large abomination hits you but does no damage.
You block the worldbinder's attack. The worldbinder hits you.
* * * LOW HITPOINT WARNING * * *
The snapping turtle bites you but does no damage.
The snapping turtle misses you.
There is nothing to wall jump against here.
You hit the large abomination.
Space warps around the large abomination.
You bite the large abomination. You drain its power.
You feel invigorated.
The large abomination is almost destroyed.
A chorus of shrieks assaults your mind.
* * * LOW HITPOINT WARNING * * *
The large abomination barely misses you.
The worldbinder hits you but does no damage.
The worldbinder hits you.
* * * LOW HITPOINT WARNING * * *
You feel very mighty all of a sudden.
The snapping turtle bites you but does no damage.
The worldbinder completely misses you. The worldbinder closely misses you.
The large abomination hits you!!
You die...

▒∙∙∙▒ ▒▒∙
∙▒ ▒∙§∙∙▒▒
▒∙∙∙X∙∙▒
▒∙∙▒▒∙♣≈▒
▒∙∙▒▒∙▒▒▒
▒▒∙▒▒∙∙∙▒▒
▒∙∙∙∙∙▒X▒
▒∙▒▒∙▒▒f▒
▒∙▒▒XXx▒▒
▒▒▒▒tt▒
▒∙≈∙H≈≈▒
▒∙∙§≈≈≈▒
▒∙∙≈♣≈≈▒
▒∙≈≈≈≈≈▒
▒▒≈≈≈≈≈▒
∙≈≈


You could see 2 starcursed masses, a snapping turtle (summoned), a manticore
(summoned), a large abomination and a worldbinder.

Vanquished Creatures
  Harold (D:10)
  A two-headed ogre (D:10)
  2 lindwurms (Lair:1)
  2 black mambas
  2 komodo dragons
  2 hornets (D:9)
  A polar bear (Lair:1)
  Prince Ribbit (D:5)
  9 blink frogs (Lair:1)
  A raiju (Abyss:4)
  3 wyverns
  A small abomination (Abyss:4)
  Eustachio (D:4)
  10 yaks
  2 basilisks (D:10)
  Menkaure (D:4)
  A steam dragon (D:6)
  A naga (Lair:3)
  2 acid dragons (D:10)
  6 water moccasins
  Duvessa (D:4)
  4 orc warriors
  A swamp drake (D:10)
  2 black bears
  An ice beast (D:7)
  A sky beast (D:7)
  4 necrophages
  12 wolves (Lair:1)
  2 ogres
  A centaur (D:8)
  4 kobold brigands
  A phantom (D:6)
  Blork the orc (D:6)
  A gnoll sergeant (D:8)
  6 bullfrogs
  9 scorpions
  2 water moccasin skeletons (D:5)
  6 wights (D:8)
  5 howler monkeys
  A bullfrog zombie (D:6)
  3 centaur zombies
  2 jellies (D:5)
  2 hounds
  3 human zombies (Ossuary)
  A gnoll shaman (D:10)
  5 orc priests
  2 centaur skeletons
  8 orc wizards
  5 scorpion zombies (Ossuary)
  4 mummies
  A howler monkey zombie (D:9)
  8 gnolls
  2 river rats (Sewer)
  7 adders
  4 white imps
  2 ufetubi
  An adder skeleton (D:4)
  A worm (D:4)
  2 dart slugs
  15 orcs
  4 ball pythons
  10 endoplasms
  6 giant cockroaches
  3 gnoll zombies (Ossuary)
  5 goblins
  7 hobgoblins
  An iguana (D:5)
  7 jackals
  11 kobolds
  5 quokkas
  5 bats
  8 frilled lizards
  2 goblin zombies (Ossuary)
  4 hobgoblin zombies
  A kobold zombie (Ossuary)
  3 orc zombies (Ossuary)
  6 rats
281 creatures vanquished.

Vanquished Creatures (others)
  8 fungi
  75 plants
83 creatures vanquished.

Grand Total: 364 creatures vanquished

Notes
Turn   | Place    | Note
-------+----------+-------------------------------------------
     0 | D:1      | Zeor the Vine Stalker Venom Mage began the quest for the
                  | Orb.
     0 | D:1      | Reached XP level 1. HP: 9/9 MP: 4/4
    70 | D:1      | Reached XP level 2. HP: 5/13 MP: 4/6
   276 | D:1      | Learned a level 2 spell: Poisonous Vapours
  1671 | D:2      | Reached XP level 3. HP: 17/17 MP: 7/7
  1701 | D:2      | Identified the ring of Ahorchime {rF+ Int+6 Dex+3}
  2531 | D:2      | Found a faded altar of an unknown god.
  2738 | D:3      | Learned a level 3 spell: Mephitic Cloud
  2769 | D:3      | Found a hazy altar of Hepliaklqana.
  2862 | D:3      | Gained mutation: Your natural rate of healing is unusually
                  | fast. [Vine Stalker growth]
  2862 | D:3      | Reached XP level 4. HP: 21/21 MP: 7/9
  3178 | D:3      | Found a blossoming altar of Fedhas.
  3356 | D:3      | Reached skill level 1 in Fighting
  3626 | D:4      | Noticed Menkaure
  3637 | D:4      | Killed Menkaure
  3638 | D:4      | Reached skill level 3 in Spellcasting
  3638 | D:4      | Reached XP level 5. HP: 17/26 MP: 3/10
  3930 | D:4      | Reached XP level 6. HP: 30/30 MP: 12/12
  3971 | D:4      | Found a staircase to the Ecumenical Temple.
  3976 | Temple   | Entered the Ecumenical Temple
  4136 | D:4      | Noticed Eustachio
  4157 | D:4      | Noticed a necrophage
  4164 | D:4      | Killed a necrophage
  4207 | D:4      | Identified the +8 dagger of Indomitability {distort,
                  | *Corrode Str+3 Int+5}
  4219 | D:4      | Reached skill level 1 in Short Blades
  4337 | D:4      | Noticed Dowan
  4338 | D:4      | Noticed Duvessa
  4503 | D:4      | Banished Dowan
  4504 | D:4      | Reached skill level 5 in Stealth
  4504 | D:4      | Reached XP level 7. HP: 35/35 MP: 7/13
  4536 | D:4      | Killed Duvessa
  4537 | D:4      | Reached skill level 1 in Air Magic
  4696 | D:4      | Killed Eustachio
  4697 | D:4      | Reached skill level 4 in Spellcasting
  4771 | D:5      | Entered Level 5 of the Dungeon
  4817 | D:5      | Learned a level 4 spell: Olgreb's Toxic Radiance
  5090 | D:5      | Found a radiant altar of Vehumet.
  5175 | D:5      | Reached skill level 5 in Poison Magic
  5175 | D:5      | Gained mutation: You have razor-sharp teeth. [Vine Stalker
                  | growth]
  5175 | D:5      | Reached XP level 8. HP: 39/39 MP: 15/15
  5345 | D:5      | Found a shimmering altar of Xom.
  5580 | D:5      | Noticed Prince Ribbit
  5586 | D:5      | Killed Prince Ribbit
  5587 | D:5      | Reached skill level 5 in Spellcasting
  6020 | D:6      | Reached XP level 9. HP: 34/44 MP: 11/18
  6169 | D:6      | Found a glowing drain.
  6181 | Sewer    | Entered a sewer
  6407 | Sewer    | Reached skill level 6 in Spellcasting
  6944 | D:6      | Learned a level 1 spell: Slow
  7149 | D:6      | Found a bloodstained altar of Trog.
  7157 | D:6      | Noticed Blork the orc
  7163 | D:6      | Killed Blork the orc
  7819 | D:7      | Reached skill level 1 in Conjurations
  7824 | D:7      | Reached skill level 7 in Spellcasting
  8344 | D:7      | Learned a level 3 spell: Confusing Touch
  8379 | D:8      | Reached XP level 10. HP: 51/51 MP: 21/21
  8392 | D:8      | Found a sand-covered staircase.
  8398 | Ossuary  | Entered an ossuary
  8865 | D:8      | Reached skill level 5 in Fighting
  9010 | D:8      | Reached skill level 8 in Spellcasting
  9010 | D:8      | Reached skill level 1 in Evocations
  9010 | D:8      | Reached XP level 11. HP: 54/54 MP: 22/24
  9386 | D:8      | You fall into a shaft and drop 3 floors!
  9407 | D:10     | Entered Level 10 of the Dungeon
 10007 | D:9      | Found a white marble altar of Elyvilon.
 10008 | D:9      | Found a broken altar of Ashenzari.
 10008 | D:9      | Found a snail-covered altar of Cheibriados.
 10011 | D:9      | Found an ornate altar of the Wu Jian Council.
 10011 | D:9      | Found a basalt altar of Yredelemnul.
 10011 | D:9      | Found a shadowy altar of Dithmenos.
 10011 | D:9      | Found a shimmering blue altar of Sif Muna.
 10012 | D:9      | Found an opulent altar of Gozag.
 10016 | D:9      | Became a worshipper of the Wu Jian Council
 10536 | D:10     | Noticed Harold
 10761 | D:10     | Learned a level 5 spell: Irradiate
 10902 | D:10     | Killed Harold
 10903 | D:10     | Reached skill level 9 in Spellcasting
 10918 | D:10     | Noticed a two-headed ogre
 10934 | D:10     | Killed a two-headed ogre
 11061 | D:10     | Identified the ring of Beaber Seyc {rF+ rN+}
 11394 | D:10     | Found a staircase to the Lair.
 11401 | Lair:1   | Entered Level 1 of the Lair of Beasts
 11418 | Lair:1   | Found a bloodstained altar of Trog.
 11434 | Lair:1   | Reached XP level 12. HP: 56/62 MP: 8/26
 11788 | Lair:1   | Reached * piety under Wu Jian
 11789 | Lair:1   | Reached skill level 10 in Spellcasting
 12060 | Lair:1   | Reached skill level 5 in Short Blades
 12445 | Lair:2   | Noticed a seven-headed hydra
 12564 | Lair:2   | Banished a seven-headed hydra
 12724 | Lair:2   | Noticed a six-headed hydra
 12872 | Lair:2   | Identified the +1 robe of Impressiveness {-Cast rF+ Will++
                  | SInv}
 12941 | Lair:2   | Reached skill level 11 in Spellcasting
 12953 | Lair:2   | Reached skill level 5 in Dodging
 13068 | Lair:3   | Noticed RascalDebosk's ghost (journeyman MiBe)
 13068 | Lair:3   | Found the +8 demon trident "Rift" {distort, reach+}
 13068 | Lair:3   | Found a large runed translucent door.
 13068 | Lair:3   | Found a large runed translucent door.
 13156 | Lair:3   | Found a staircase to the Snake Pit.
 13169 | Lair:3   | Reached ** piety under Wu Jian
 13294 | Lair:3   | Found a gate leading to a gauntlet.
 13318 | Gauntlet | Entered a Gauntlet
 13318 | Gauntlet | Found a transporter.
 13321 | Gauntlet | Found a transporter.
 13323 | Gauntlet | Noticed an entropy weaver
 13324 | Gauntlet | Noticed a thrashing horror
 13334 | Gauntlet | Found a transporter.
 13338 | Gauntlet | Found a transporter.
 13348 | Gauntlet | Found a transporter.
 13368 | Gauntlet | Found a transporter.
 13381 | Gauntlet | Found a transporter.
 13381 | Gauntlet | Noticed a great orb of eyes
 13398 | Gauntlet | Found a transporter.
 13402 | Gauntlet | Found a transporter.
 13407 | Gauntlet | Noticed a reaper
 13415 | Gauntlet | Found a transporter.
 13429 | Gauntlet | Noticed a thrashing horror
 13430 | Gauntlet | Found a transporter.
 13434 | Gauntlet | Found a transporter.
 13448 | Gauntlet | Cast into level 2 of the Abyss (unwielding a weapon of
                  | distortion)
 13472 | Abyss:2  | Noticed a wretched star
 13476 | Abyss:2  | Noticed a starcursed mass
 13503 | Abyss:4  | Found a corrupted altar of Lugonu.
 13568 | Abyss:4  | Noticed a starcursed mass
 13576 | Abyss:4  | Demolished by a large abomination

Illustrated notes

Levels and vault maps discovered:
D:1:      minmay_arrival_three_doors, layout_loops_ring
D:2:      layout_loops_ring, shapermc_ecumenical_altar_hornbeckon
D:3:      layout_loops_ring, fedhas_altar_4, mainiacjoe_overflow_boulevard,
          chequers_mini_garden
D:4:      layout_loops_corners, temple_statues, serial_bayou,
          serial_bayou_lake_a, serial_bayou_pond_a, serial_bayou_lagoon_a,
          serial_bayou_ford_a, uniq_menkaure, uniq_duvessa, uniq_eustachio
D:5:      layout_basic, vehumet_altar_wand_db, dk_xom_monty_hall, serial_glass,
          glass_columns_b, glass_columns_b, item_on_display_a, feat_on_display,
          hangedman_decor_points, minivault_5, minmay_misc_feat_secret_circle,
          corner_web_ring, uniq_prince_ribbit1
D:6:      layout_loops_ring, bloody_trog, gup_sewer_entry_pipe,
          uniq_blork_the_orc
D:7:      layout_cave_pods
D:8:      layout_basic, nicolae_ossuary_entry_giza, minmay_curled_crystal,
          grunt_decor_fettered, chequers_arboretum, grunt_ogre_cave,
          minmay_unpleasant_kobolds
D:9:      layout_layer_cave, grunt_temple_overflow_open
D:10:     layout_cave_pools, erik_lair_dragon, uniq_harold
D:11:     layout_cave_pools, orc_0_dummy, serial_shops,
          nicolae_shop_behind_doors,
          nicolae_shop_temple_entry_statues_fountains, nicolae_shop_trees, shop,
          nicolae_lakefront_shop, minivault_11, eat_drink_and_be_merry_uskayaw
Temple:   nicolae_temple_figure_zero
Lair:1:   layout_misc_corridors, basic_altar, nicolae_lair_lindhole
Lair:2:   layout_regular_city
Lair:3:   layout_regular_city, minmay_shoals_entry_lonely_mermaid,
          guppyfry_snake_entry_island, gauntlet_entry_generic,
          ebering_ghost_disaster_area
Abyss:4:  base: D:5, abyss_exit_lava, evilmike_abyss_exit_16,
          evilmike_abyss_exit_16, hangedman_abyss_rune_macabre_mess,
          grunt_abyss_rune_forest_and_sorcery
Gauntlet: minmay_gauntlet_mixed_oops_all_seconds
          [minmay_gauntlet_arena_77_block_sizes, gammafunk_gauntlet_arena_grid,
          minmay_gauntlet_arena_77_mirror, gammafunk_gauntlet_arena_hedges,
          minmay_gauntlet_arena_77_box, nicolae_gauntlet_swirl,
          gauntlet_exit_hidden_loot]

Skill      XL: |  1  2  3  4  5  6  7  8  9 10 11 12 |
---------------+-------------------------------------+-----
Dodging        | 2 3 4 5 |  5.0
Fighting       | 1 2 3 4 5 6 |  6.9
Stealth        | 3 4 5 6 7 8 9 |  9.7
Spellcasting   | 3 4 5 7 8 9 11 | 11.1
Poison Magic   | 4 5 6 7 8 |  8.4
Short Blades   | 1 2 3 4 5 |  5.0
Air Magic      | 1 2 |  2.4
Transmutations | 2 3 4 |  4.1
Conjurations   | 1 3 |  3.3
Shields        | 2 3 |  3.1
Unarmed Combat | 2 |  2.5
Hexes          | 3 4 |  4.2
Necromancy     | 2 |  2.9
Evocations     | 1 |  1.6

Action                   |  1- 3 |  4- 6 |  7- 9 | 10-12 || total
-------------------------+-------+-------+-------+-------++-------
Melee: Unarmed           |    44 |       |       |       ||    44
       Bite              |    16 |    11 |    29 |    95 ||   151
       Dagger            |    25 |    47 |   119 |   241 ||   432
       Punch             |       |     1 |     2 |     9 ||    12
       Demon trident     |       |       |       |    11 ||    11
Throw: Throwing net      |       |       |       |     1 ||     1
 Cast: Sting             |    27 |     9 |    26 |    16 ||    78
       Poisonous Vapours |     9 |     4 |    12 |    13 ||    38
       Mephitic Cloud    |       |     1 |     5 |    23 ||    29
       Olgreb's Toxic Ra |       |       |    10 |    22 ||    32
       Slow              |       |       |     4 |    12 ||    16
       Confusing Touch   |       |       |       |    19 ||    19
Invok: Lunge             |       |       |       |    32 ||    32
       Whirlwind         |       |       |       |    10 ||    10
  Use: Scroll            |     4 |     1 |     9 |    14 ||    28
       Potion            |       |     5 |       |     7 ||    12
 Stab: Sleeping          |    10 |     8 |     7 |    15 ||    40
       Distracted        |       |       |     2 |     1 ||     3
       Confused          |       |       |     2 |    12 ||    14
Armor: Robe              |    10 |     7 |    11 |    26 ||    54
Dodge: Dodged            |    40 |    37 |    37 |   117 ||   231
Block: Other             |       |       |    13 |    31 ||    44
       Reflection        |       |       |       |     1 ||     1
